TOP OF THE 1ST |
Mile High Broncos batting - Pitching for Texarkana Bears : RHP Alberto Márquez
|
Pitching: RHP Alberto Márquez
|
|
Batting: LHB Jesús González
|
0-0: Ball 1-0: Called Strike 1-1: Foul Ball, location: 2F 1-2: Ball 2-2: Strikes out looking
|
Batting: RHB Edward Williams
|
0-0: Ground out 4-3 (Groundball, 34)
|
Batting: LHB Mark Everett
|
0-0: Ball 1-0: Called Strike 1-1: Fly out, F5 (Popup, 56)
|
Top of the 1st over - 0 run(s), 0 hit(s), 0 error(s), 0 left on base; Mile High 0 - Texarkana 0 |
BOTTOM OF THE 1ST |
Texarkana Bears batting - Pitching for Mile High Broncos : RHP Hokusai Nakashima
|
Pitching: RHP Hokusai Nakashima
|
|
Batting: LHB Guy Moss
|
0-0: Ball 1-0: Ball 2-0: Ball 3-0: Base on Balls
|
Batting: RHB Steve Garneys
|
0-0: Ball Guy Moss is caught stealing 2nd base 1-0: Ball 2-0: Called Strike 2-1: Ground out U3 (Groundball, 3S)
|
Batting: RHB Billy Campbell
|
0-0: Ball 1-0: Ball 2-0: Foul Ball, location: 2F 2-1: Ground out 5-3 (Groundball, 56)
|
Bottom of the 1st over - 0 run(s), 0 hit(s), 0 error(s), 0 left on base; Mile High 0 - Texarkana 0 |
TOP OF THE 2ND |
Mile High Broncos batting - Pitching for Texarkana Bears : RHP Alberto Márquez
|
Batting: RHB Rodney González
|
0-0: Ball 1-0: Called Strike 1-1: Ball 2-1: Ball 3-1: Foul Ball, location: 2F 3-2: SINGLE (Line Drive, 4D)
|
Batting: SHB Tom Stevens
|
0-0: Called Strike 0-1: Ground out 6-3 (Groundball, 6S) Rodney González to second
|
Batting: RHB Raúl Ruíz
|
0-0: Fly out, F9 (Flyball, 9LS)
|
Batting: RHB Su-kweon Yu
|
0-0: Ball 1-0: Ball 2-0: Ball 3-0: Base on Balls
|
Batting: SHB Paco Martínez
|
0-0: Ball 1-0: Swinging Strike 1-1: SINGLE (Line Drive, 9S) Rodney González to third Su-kweon Yu to second
|
Batting: RHB José Darias
|
0-0: Ball 1-0: Ball 2-0: Foul Ball, location: 2F 2-1: Foul Ball, location: 2F 2-2: Strikes out swinging
|
Top of the 2nd over - 0 run(s), 2 hit(s), 0 error(s), 3 left on base; Mile High 0 - Texarkana 0 |
BOTTOM OF THE 2ND |
Texarkana Bears batting - Pitching for Mile High Broncos : RHP Hokusai Nakashima
|
Batting: RHB Michael Barraclough
|
0-0: Called Strike 0-1: Swinging Strike 0-2: Ball 1-2: Ball 2-2: Foul Ball, location: 2F 2-2: Ground out 6-3 (Groundball, 6)
|
Batting: LHB Sam Barnes
|
0-0: Ball 1-0: Called Strike 1-1: SINGLE (Line Drive, 4M)
|
Batting: LHB Tom Mullins
|
0-0: Ball Sam Barnes steals 2nd base 1-0: Foul Ball, location: 2F 1-1: Ball 2-1: Ball 3-1: Called Strike 3-2: Strikes out looking
|
Batting: LHB Alberto Medine
|
0-0: Swinging Strike 0-1: Called Strike 0-2: Ball 1-2: Strikes out swinging
|
Bottom of the 2nd over - 0 run(s), 1 hit(s), 0 error(s), 1 left on base; Mile High 0 - Texarkana 0 |
TOP OF THE 3RD |
Mile High Broncos batting - Pitching for Texarkana Bears : RHP Alberto Márquez
|
Batting: LHB Jesús González
|
0-0: Ball 1-0: Called Strike 1-1: Called Strike 1-2: Fly out, F5 (Flyball, 56D)
|
Batting: RHB Edward Williams
|
0-0: Foul Ball, location: 2F 0-1: Fly out, F7 (Line Drive, 7)
|
Batting: LHB Mark Everett
|
0-0: Ball 1-0: Called Strike 1-1: Foul Ball, location: 2F 1-2: Foul Ball, location: 2F 1-2: Fly out, F7 (Flyball, 7)
|
Top of the 3rd over - 0 run(s), 0 hit(s), 0 error(s), 0 left on base; Mile High 0 - Texarkana 0 |
BOTTOM OF THE 3RD |
Texarkana Bears batting - Pitching for Mile High Broncos : RHP Hokusai Nakashima
|
Batting: RHB Arturo Rodríguez
|
0-0: Fly out, F5 (Line Drive, 5F)
|
Batting: RHB Kun Liu
|
0-0: Ball 1-0: Fly out, F4 (Popup, 3D)
|
Batting: LHB Guy Moss
|
0-0: Ball 1-0: Ball 2-0: Ball 3-0: Called Strike 3-1: Foul Ball, location: 2F 3-2: SINGLE (Groundball, 25) (infield hit)
|
Batting: RHB Steve Garneys
|
0-0: Called Strike Guy Moss steals 2nd base 0-1: Ball 1-1: Ground out 4-3 (Groundball, 4M)
|
Bottom of the 3rd over - 0 run(s), 1 hit(s), 0 error(s), 1 left on base; Mile High 0 - Texarkana 0 |
TOP OF THE 4TH |
Mile High Broncos batting - Pitching for Texarkana Bears : RHP Alberto Márquez
|
Batting: RHB Rodney González
|
0-0: Ground out 3-1 (Groundball, 34S)
|
Batting: SHB Tom Stevens
|
0-0: Ball 1-0: Fly out, F9 (Flyball, 89S)
|
Batting: RHB Raúl Ruíz
|
0-0: Called Strike 0-1: Ball 1-1: Ball 2-1: Ball 3-1: Called Strike 3-2: Foul Ball, location: 2F 3-2: Foul Ball, location: 2F 3-2: Strikes out looking
|
Top of the 4th over - 0 run(s), 0 hit(s), 0 error(s), 0 left on base; Mile High 0 - Texarkana 0 |
BOTTOM OF THE 4TH |
Texarkana Bears batting - Pitching for Mile High Broncos : RHP Hokusai Nakashima
|
Batting: RHB Billy Campbell
|
0-0: Fly out, F3 (Popup, 3)
|
Batting: RHB Michael Barraclough
|
0-0: Ball 1-0: Ball 2-0: Ball 3-0: Called Strike 3-1: Base on Balls
|
Batting: LHB Sam Barnes
|
0-0: 2-RUN HOME RUN (Flyball, 9D), Distance : 382 ft
|
Batting: LHB Tom Mullins
|
0-0: Called Strike 0-1: Foul Ball, location: 2F 0-2: Ball 1-2: SINGLE (Groundball, 56D)
|
Batting: LHB Alberto Medine
|
0-0: Foul Ball, location: 2F 0-1: Foul Ball, location: 2F 0-2: TRIPLE (Line Drive, 9LM) Tom Mullins scores
|
Batting: RHB Arturo Rodríguez
|
0-0: Fly out, F7 (Flyball, 7)
|
Batting: RHB Kun Liu
|
0-0: Ball 1-0: Ball Wild Pitch! Alberto Medine scores 2-0: SINGLE (Groundball, 4D)
|
Batting: LHB Guy Moss
|
0-0: Called Strike 0-1: Called Strike 0-2: Strikes out swinging
|
Bottom of the 4th over - 4 run(s), 4 hit(s), 0 error(s), 1 left on base; Mile High 0 - Texarkana 4 |
TOP OF THE 5TH |
Mile High Broncos batting - Pitching for Texarkana Bears : RHP Alberto Márquez
|
Batting: RHB Su-kweon Yu
|
0-0: Ball 1-0: Fly out, F8 (Flyball, 89D)
|
Batting: SHB Paco Martínez
|
0-0: Ball 1-0: SINGLE (Line Drive, 5)
|
Batting: RHB José Darias
|
0-0: Ball Paco Martínez steals 2nd base 1-0: SINGLE (Line Drive, 3D) Paco Martínez to third Runner from 3rd tries for Home, SAFE, throw made home
|
Batting: LHB Jesús González
|
0-0: Ball 1-0: Ball 2-0: Called Strike 2-1: Called Strike José Darias is caught stealing 2nd base 2-2: Strikes out swinging
|
Top of the 5th over - 1 run(s), 2 hit(s), 0 error(s), 0 left on base; Mile High 1 - Texarkana 4 |
BOTTOM OF THE 5TH |
Texarkana Bears batting - Pitching for Mile High Broncos : RHP Hokusai Nakashima
|
Batting: RHB Steve Garneys
|
0-0: Ground out 6-3 (Groundball, 6M)
|
Batting: RHB Billy Campbell
|
0-0: Called Strike 0-1: Called Strike 0-2: Ball 1-2: SINGLE (Line Drive, 56)
|
Batting: RHB Michael Barraclough
|
0-0: Ball 1-0: Called Strike 1-1: Called Strike 1-2: Foul Ball, location: 2F 1-2: Ball 2-2: Fly out, F9 (Flyball, 89D)
|
Batting: LHB Sam Barnes
|
0-0: Ball 1-0: Ball 2-0: SINGLE (Line Drive, 8RS) Billy Campbell to second
|
Batting: LHB Tom Mullins
|
0-0: Ball 1-0: Called Strike 1-1: Ball 2-1: Called Strike 2-2: Fly out, F8 (Line Drive, 8LM)
|
Bottom of the 5th over - 0 run(s), 2 hit(s), 0 error(s), 2 left on base; Mile High 1 - Texarkana 4 |
TOP OF THE 6TH |
Mile High Broncos batting - Pitching for Texarkana Bears : RHP Alberto Márquez
|
Batting: RHB Edward Williams
|
0-0: Ball 1-0: Called Strike 1-1: Foul Ball, location: 2F 1-2: SINGLE (Line Drive, 5D)
|
Batting: LHB Mark Everett
|
0-0: Ball 1-0: Ball 2-0: Called Strike 2-1: Swinging Strike 2-2: Foul Ball, location: 2F 2-2: Ball 3-2: SINGLE (Groundball, 34) (infield hit) Edward Williams to second
|
Batting: RHB Rodney González
|
0-0: Called Strike 0-1: Foul Ball, location: 2F 0-2: Ball 1-2: Fly out, F6 (Line Drive, 6S)
|
Batting: SHB Tom Stevens
|
0-0: Ball 1-0: Ball 2-0: Ball 3-0: Called Strike 3-1: Base on Balls Edward Williams to third Mark Everett to second
|
Pitching: RHP Jesús Sosa
|
|
Batting: RHB Raúl Ruíz
|
0-0: Foul Ball, location: 2F 0-1: Ball 1-1: Ball 2-1: Ball 3-1: Base on Balls Edward Williams scores Mark Everett to third Tom Stevens to second
|
Batting: RHB Su-kweon Yu
|
0-0: Ball 1-0: Ball 2-0: Ball 3-0: Base on Balls Mark Everett scores Tom Stevens to third Raúl Ruíz to second
|
Batting: SHB Paco Martínez
|
0-0: Swinging Strike 0-1: Ball 1-1: Swinging Strike 1-2: Foul Ball, location: 2F 1-2: SINGLE (Line Drive, 6) Tom Stevens scores Raúl Ruíz to third Su-kweon Yu to second Runner from 3rd tries for Home, SAFE, throw made home Su-kweon Yu to third Paco Martínez to second
|
Batting: RHB José Darias
|
0-0: Ball 1-0: Ball 2-0: Ball 3-0: Called Strike 3-1: Ground out 6-3 (Groundball, 56D)
|
Batting: LHB Jesús González
|
0-0: Ball 1-0: Ball 2-0: Ball 3-0: Base on Balls
|
Batting: RHB Edward Williams
|
0-0: Swinging Strike 0-1: SINGLE (Line Drive, 56D) Su-kweon Yu scores Paco Martínez to third Jesús González to second
|
Batting: LHB Mark Everett
|
0-0: Ball 1-0: Ball 2-0: Called Strike 2-1: Ball 3-1: Called Strike 3-2: Fly out, F9 (Flyball, 9D)
|
Top of the 6th over - 5 run(s), 4 hit(s), 0 error(s), 3 left on base; Mile High 6 - Texarkana 4 |
BOTTOM OF THE 6TH |
Texarkana Bears batting - Pitching for Mile High Broncos : RHP Hokusai Nakashima
|
Batting: LHB Alberto Medine
|
0-0: Called Strike 0-1: Swinging Strike 0-2: Foul Ball, location: 2F 0-2: Ball 1-2: Strikes out swinging
|
Batting: RHB Arturo Rodríguez
|
0-0: Ball 1-0: Ball 2-0: Ground out 5-3 (Groundball, 5)
|
Batting: RHB Kun Liu
|
0-0: Ground out 6-3 (Groundball, 6)
|
Bottom of the 6th over - 0 run(s), 0 hit(s), 0 error(s), 0 left on base; Mile High 6 - Texarkana 4 |
TOP OF THE 7TH |
Mile High Broncos batting - Pitching for Texarkana Bears : RHP Jesús Sosa
|
Batting: RHB Rodney González
|
0-0: Called Strike 0-1: Foul Ball, location: 2F 0-2: Ball 1-2: Ball 2-2: Fly out, F8 (Flyball, 8LD)
|
Pitching: RHP António Ramírez
|
|
Batting: SHB Tom Stevens
|
0-0: Called Strike 0-1: Swinging Strike 0-2: Ball 1-2: Strikes out swinging
|
Batting: RHB Raúl Ruíz
|
0-0: Ball 1-0: Foul Ball, location: 2F 1-1: Foul Ball, location: 2F 1-2: Ball 2-2: Fly out, F8 (Flyball, 8LM)
|
Top of the 7th over - 0 run(s), 0 hit(s), 0 error(s), 0 left on base; Mile High 6 - Texarkana 4 |
BOTTOM OF THE 7TH |
Texarkana Bears batting - Pitching for Mile High Broncos : RHP Hokusai Nakashima
|
Batting: LHB Guy Moss
|
0-0: Ball 1-0: DOUBLE (Flyball, 89XD)
|
Batting: RHB Steve Garneys
|
0-0: Fly out, F3 (Flyball, 3D)
|
Batting: RHB Billy Campbell
|
0-0: Ground out 6-3 (Groundball, 6) Guy Moss to third
|
Batting: RHB Michael Barraclough
|
0-0: Ball 1-0: Swinging Strike 1-1: Called Strike 1-2: Ball 2-2: Ground out U3 (Groundball, 3)
|
Bottom of the 7th over - 0 run(s), 1 hit(s), 0 error(s), 1 left on base; Mile High 6 - Texarkana 4 |
TOP OF THE 8TH |
Mile High Broncos batting - Pitching for Texarkana Bears : RHP António Ramírez
|
Batting: RHB Su-kweon Yu
|
0-0: Called Strike 0-1: Ball 1-1: Fly out, F9 (Flyball, 9LS)
|
Batting: SHB Paco Martínez
|
0-0: Ball 1-0: Foul Ball, location: 2F 1-1: Ball 2-1: Ground out U3 (Groundball, 34S)
|
Batting: RHB José Darias
|
0-0: Called Strike 0-1: Called Strike 0-2: Foul Ball, location: 2F 0-2: Fly out, F9 (Flyball, 9LSF)
|
Top of the 8th over - 0 run(s), 0 hit(s), 0 error(s), 0 left on base; Mile High 6 - Texarkana 4 |
BOTTOM OF THE 8TH |
Texarkana Bears batting - Pitching for Mile High Broncos : RHP Hokusai Nakashima
|
Batting: LHB Sam Barnes
|
0-0: Ball 1-0: Foul Ball, location: 2F 1-1: Ball 2-1: Foul Ball, location: 2F 2-2: Ball 3-2: Foul Ball, location: 2F 3-2: SINGLE (Groundball, 3D)
|
Batting: LHB Tom Mullins
|
0-0: Called Strike 0-1: Ball 1-1: Swinging Strike 1-2: Strikes out swinging
|
Pitching: LHP Domingo Morales
|
|
Batting: LHB Alberto Medine
|
0-0: Called Strike 0-1: Swinging Strike 0-2: Foul Ball, location: 2F 0-2: Ball 1-2: Foul Ball, location: 2F 1-2: Foul Ball, location: 2F 1-2: Ball 2-2: Foul Ball, location: 2F 2-2: Foul Ball, location: 2F 2-2: Strikes out swinging
|
Pitching: RHP Archie Summers
|
|
Batting: RHB Arturo Rodríguez
|
0-0: Called Strike 0-1: Ball 1-1: Ball 2-1: Ball 3-1: Called Strike 3-2: Ground out 6-3 (Groundball, 56)
|
Bottom of the 8th over - 0 run(s), 1 hit(s), 0 error(s), 1 left on base; Mile High 6 - Texarkana 4 |
TOP OF THE 9TH |
Mile High Broncos batting - Pitching for Texarkana Bears : RHP António Ramírez
|
Batting: LHB Jesús González
|
0-0: Ball 1-0: Ball 2-0: Fly out, F8 (Line Drive, 8LM)
|
Batting: RHB Edward Williams
|
0-0: Ground out 6-3 (Groundball, 6)
|
Batting: LHB Mark Everett
|
0-0: Called Strike 0-1: Ball 1-1: Hit by Pitch
|
Batting: RHB Rodney González
|
0-0: TRIPLE (Flyball, 89D) Mark Everett scores
|
Batting: SHB Tom Stevens
|
0-0: Called Strike 0-1: Foul Ball, location: 2F 0-2: Ground out 4-3 (Groundball, 4M)
|
Top of the 9th over - 1 run(s), 1 hit(s), 0 error(s), 1 left on base; Mile High 7 - Texarkana 4 |
BOTTOM OF THE 9TH |
Texarkana Bears batting - Pitching for Mile High Broncos : RHP Archie Summers
|
Batting: RHB Kun Liu
|
0-0: Ball 1-0: Called Strike 1-1: Ball 2-1: Ground out 6-3 (Groundball, 6)
|
Batting: LHB Guy Moss
|
0-0: Called Strike 0-1: Foul Ball, location: 2F 0-2: Ball 1-2: Strikes out swinging
|
Batting: RHB Steve Garneys
|
0-0: Ball 1-0: Called Strike 1-1: Ball 2-1: Foul Ball, location: 2F 2-2: Foul Ball, location: 2F 2-2: Strikes out swinging
|
Bottom of the 9th over - 0 run(s), 0 hit(s), 0 error(s), 0 left on base; Mile High 7 - Texarkana 4 |
|